 Dungeon Crawl Stone Soup version 0.31-a0-37-g98a128e1d9 (webtiles) character file.

Game seed: 10206753094460177955

75 BlueFish the Charlatan (level 4, -2/37 HPs)
             Began as a Draconian Artificer on May 15, 2023.
             Slain by an orc
             ... wielding a +0 flail
              (6 damage)
             ... on level 3 of the Dungeon.
             The game lasted 00:03:54 (1613 turns).

BlueFish the Charlatan (Draconian Artificer)        Turns: 1613, Time: 00:03:55

Health: -2/37      AC:  5    Str: 14    XL:     4   Next: 11%
Magic:  4/4        EV: 12    Int: 14    God:
Gold:   117        SH:  0    Dex: 11    Spells: 3/3 levels left

rFire   . . .        j - +0 short sword
rCold   . . .        (no shield)
rNeg    . . .        (body armour unavailable)
rPois   .            (helmet restricted)
rElec   .            (no cloak)
rCorr   +            (no gloves)
SInv    .            (no boots)
Will    .....        p - amulet of regeneration
Stlth   ++           n - ring of resist corrosion
HPRegen 1.06/turn    (no ring)
MPRegen 0.09/turn

%: no passive effects
@: no status effects
A: AC +5, unfitting armour, cold-blooded
a: no special abilities


You were on level 3 of the Dungeon.
You visited 1 branch of the dungeon, and saw 3 of its levels.

You collected 117 gold pieces.

Inventory:

Hand Weapons
 a - a +0 club
 f - a +0 dagger
 j - a +0 short sword (weapon)
Jewellery
 n - a ring of resist corrosion (left hand)
 p - an amulet of regeneration (around neck)
 r - an amulet of reflection
Wands
 b - a wand of flame (15) (quivered)
 c - a wand of charming (15)
 d - a wand of iceblast (8)
Scrolls
 h - a scroll of torment
 m - a scroll of fog {unknown}
Potions
 g - 2 potions of haste
 k - a potion of cancellation {unknown}
 l - a potion of attraction {unknown}
 o - 2 potions of degeneration {unknown}
 q - 3 potions of curing {unknown}


   Skills:
 + Level 2.3 Fighting
 + Level 2.7 Dodging
 + Level 2.0 Stealth
 + Level 3.6 Evocations


You had 3 spell levels left.
You didn't know any spells.
Your spell library contained the following spells:

 Spells                   Type           Power      Damage    Failure   Level
 Frozen Ramparts          Ice            0%         1d1       65%         3
 Ice Form                 Ice/Tmut       0%         N/A       96%         4
 Summon Ice Beast         Ice/Summ       0%         N/A       96%         4


Dungeon Overview and Level Annotations

Branches:
Dungeon (3/15)

Altars:
Uskayaw

Shops:
D:3 [


Innate Abilities, Weirdness & Mutations

Your plain brown scales are hard. (AC +5)
You cannot fit into any form of body armour.
You are cold-blooded and may be slowed by cold attacks.


Message History

You hit the orc priest but do no damage.
The orc priest calls down the wrath of Beogh upon you.
Pain shoots through your body! The orc closely misses you.
You hit the orc priest.
The orc priest is lightly wounded.
The orc priest closely misses you. The orc completely misses you.
You hit the orc priest.
The orc priest is lightly wounded.
The orc priest hits you with a +0 club. The orc closely misses you.
You barely miss the orc priest.
Your tail-slap misses the orc priest.
The orc priest is lightly wounded.
The orc priest hits you with a +0 club. The orc hits you with a +0 flail!
An orc priest comes into view. It is wielding a +0 hand axe.
You hit the orc priest.
The orc priest is moderately wounded.
The orc hits you but does no damage.
The orc priest mumbles some strange prayers to Beogh against you.
Beogh smites you!
* * * LOW HITPOINT WARNING * * *
The orc hits you but does no damage. The orc priest barely misses you.
As you read the scroll labelled KOUL NOAQEENAM, it crumbles to dust.
Your body is wracked with pain!
* * * LOW HITPOINT WARNING * * *
The orc priest convulses!
The orc convulses!
The orc priest convulses!
It was a scroll of torment.
The orc priest barely misses you. The orc misses you.
The orc priest hits you with a +0 hand axe.
* * * LOW HITPOINT WARNING * * *
As you read the scroll labelled BIBRITS ECWICY, it crumbles to dust.
It is a scroll of amnesia.
You feel forgetful for a moment. The orc priest closely misses you.
The orc barely misses you. The orc priest closely misses you.
Unknown command.
As you read the scroll labelled XACREPS ISASK, it crumbles to dust.
It is a scroll of identify.
g - 2 potions of haste The orc priest mumbles some strange prayers to Beogh against you.
You barely resist. The orc priest closely misses you.
The orc hits you with a +0 flail.
You die...

#.......# #.......# .
#.......# .. ##.##...#
.. #.....### ...
###..#..# #.. ##......##
#.#######.....######
#.o@........#.....##
#..#oo...............
#... #.................
...# #.................
## #................)
#....########.....
####....#⌠.....#.....
#...<...#..≈≈≈.......
.....#.....#.≈≈≈≈≈......


You could see 2 orc priests and an orc.

Vanquished Creatures
  2 adders
  A dart slug (D:1)
  7 ball pythons
  4 endoplasms
  4 giant cockroaches
  9 hobgoblins
  4 jackals (D:2)
  2 quokkas
  4 bats
  4 frilled lizards
  4 goblins
  2 kobolds (D:1)
  4 rats
51 creatures vanquished.

Notes
Turn   | Place    | Note
-------+----------+-------------------------------------------
     0 | D:1      | BlueFish the Draconian Artificer began the quest for the
                  | Orb.
     0 | D:1      | Reached XP level 1. HP: 16/16 MP: 1/1
    66 | D:1      | Reached skill level 1 in Stealth
   148 | D:1      | Reached XP level 2. HP: 16/23 MP: 2/2
   612 | D:1      | You fall into a shaft and drop 1 floor!
   738 | D:2      | Found a hide-covered altar of Uskayaw.
   802 | D:2      | Reached XP level 3. HP: 13/29 MP: 3/3
  1515 | D:3      | Reached XP level 4. HP: 34/37 MP: 4/4
  1538 | D:3      | Found Keenaged's Armour Emporium.
  1613 | D:3      | Slain by an orc

Illustrated notes

Levels and vault maps discovered:
D:1:      minmay_arrival_semitransparent, layout_loops_corners, hex_tiny,
          hangedman_decor_points, minmay_tromino_v2
D:2:      layout_basic, basic_altar, kennysheep_generic_room_8
D:3:      layout_rooms, serial_shops, nicolae_lakefront_shop,
          hangedman_decor_growths, uniq_natasha, uniq_terence,
          uniq_crazy_yiuf_cottage, uniq_sigmund

Skill      XL: |  1  2  3 |
---------------+----------+-----
Stealth        | 1 2 |  2.0
Fighting       | 2 |  2.3
Dodging        | |  2.7
Evocations     | |  3.6

Action                     |  1- 3 |  4- 6 || total
---------------------------+-------+-------++-------
  Melee: Dagger            |    34 |       ||    34
         Tailslap          |    22 |     2 ||    24
         Club              |     4 |       ||     4
         Short sword       |   167 |    21 ||   188
         Punch             |     3 |     1 ||     4
    Use: Scroll            |       |     3 ||     3
   Stab: Sleeping          |     5 |       ||     5
 Armour: Skin              |    65 |     8 ||    73
  Dodge: Dodged            |   135 |    27 ||   162

Table legend: (Time is in decaauts)
 A = Elapsed time spent in this place.
 B = Non-inter-level travel time spent in this place.
 C = Inter-level travel time spent in this place.
 D = Time resting spent in this place.
 E = Time spent auto-exploring this place.
 F = Levels seen in this place.
 G = Mean time per level.
                   A        B        C        D        E       F      G
               +--------+--------+--------+--------+--------+-----+--------+
         Total |   1623 |   1613 |     10 |      0 |    730 |   3 |  541.0 |
       Dungeon |   1623 |   1613 |     10 |      0 |    730 |   3 |  541.0 |
               +--------+--------+--------+--------+--------+-----+--------+

Top non-repeatable levels by time:
     D:2: 859 daAuts
     D:1: 613 daAuts
     D:3: 150 daAuts
